AoeStats
← j59814362

Arabia

510475170Analyzed
1v1 RM · 3d ago on Oct 1, 2026· 47m 39s· 2 players
Game mode
Random Map
Map size
Tiny (2 player)
Population
200
Speed
Normal
Resources
Standard
Victory
Conquest
Starting age
Dark Age
Ending age
Imperial Age
RankedLock teamsTeams togetherTeam positionsShared explorationLock speedFull tech treeHidden civsTurbo modeCheats
Victory
Defeat
🇺🇸 Inca · United States
1231
+17
🇹🇼 Mongols · Taiwan
1252
-17
KingofAge
7:38 Loom
10:00 Feudal Age
10:36 Double-Bit Axe
13:02 Fletching
13:50 Horse Collar
20:34 Castle Age
19:24 Gold Mining
19:37 Town Watch
21:40 Bow Saw
21:34 Bodkin Arrow
21:37 Crossbowman
24:50 Wheelbarrow
25:59 Thumb Ring
27:21 Ballistics
27:23 Padded Archer Armor
28:06 Hand Cart
30:24 Heavy Plow
34:51 Imperial Age
34:08 Leather Archer Armor
33:57 Pikeman
34:39 Squires
34:51 Forging
35:39 Bracer
37:08 Arbalester
39:05 Conscription
39:46 Chemistry
39:49 Iron Casting
39:04 Halberdier
39:47 Scale Mail Armor
41:46 Blast Furnace
41:00 Masonry
41:53 Chain Mail Armor
43:54 Ring Archer Armor
j59814362
5:24 Loom
8:06 Feudal Age
9:55 Double-Bit Axe
9:52 Horse Collar
17:41 Castle Age
15:44 Gold Mining
16:55 Bloodlines
18:25 Forging
18:23 Heavy Plow
18:39 Bow Saw
20:59 Wheelbarrow
22:09 Husbandry
25:05 Scale Barding Armor
26:42 Iron Casting
27:49 Chain Barding Armor
30:40 Gold Shaft Mining
38:33 Imperial Age
39:02 Cavalier
40:48 Blast Furnace
40:23 Conscription
40:28 Hand Cart
41:16 Town Watch
45:38 Fletching
45:49 Padded Archer Armor
47:09 Parthian Tactics
46:50 Thumb Ring
46:54 Bodkin Arrow
47:15 Leather Archer Armor
46:23 Light Cavalry
47:50 Ballistics
48:30 Chemistry
Connection lost

Rejoining the realm…

Still unreachable

The connection could not be restored.

Session expired

The server has moved on; the page needs a fresh start.